 Dungeon Crawl Stone Soup version 0.21.1-1-g345015f (webtiles) character file.

2653 sking99 the Digger (level 9, 52/52 HPs)
             Began as a Gargoyle Earth Elementalist on June 17, 2018.
             Was a Believer of Vehumet.
             Quit the game on level 7 of the Dungeon.
             The game lasted 01:05:59 (7713 turns).

sking99 the Digger (Gargoyle Earth Elementalist)    Turns: 7713, Time: 01:06:00

Health: 52/52      AC: 14    Str: 13    XL:     9   Next: 62%
Magic:  15/17      EV: 13    Int: 18    God:    Vehumet [**....]
Gold:   315        SH:  0    Dex: 10    Spells: 3/19 levels left

rFire    . . .     SeeInvis .   C - +2 whip (elec)
rCold    + . .     Gourm    .   (no shield)
rNeg     + . .     Faith    .   c - +0 robe
rPois    ∞         Spirit   .   y - +0 helmet
rElec    +         Reflect  .   B - +1 cloak
rCorr    .         Harm     .   (no gloves)
MR       .....                  t - +1 pair of boots
Stlth    ++........             j - amulet of regeneration
HPRegen  0.57/turn              w - ring of wizardry
MPRegen  0.15/turn              I - ring of protection from cold

@: no status effects
A: negative energy resistance 1, electricity resistance, unbreathing,
petrification resistance, rot immunity, AC +6
a: Renounce Religion


You were on level 7 of the Dungeon.
You worshipped Vehumet.
Vehumet was pleased with you.
You were not hungry.

You visited 2 branches of the dungeon, and saw 8 of its levels.

You collected 315 gold pieces.

Inventory:

Hand Weapons
 a - a +0 club
 o - a +0 flail
 C - a +2 whip of electrocution (weapon)
 F - a +2 mace of holy wrath
Missiles
 b - 126 stones (quivered)
Armour
 c - a +0 robe (worn)
 t - a +1 pair of boots (worn)
 y - a +0 helmet (worn)
 B - a +1 cloak (worn)
Jewellery
 j - an amulet of regeneration (around neck)
 v - an uncursed ring of fire
 w - a ring of wizardry (left hand)
 I - a ring of protection from cold (right hand)
 L - an uncursed ring of teleportation
Scrolls
 g - a scroll of silence {unknown}
 i - 2 scrolls of fog
 k - 4 scrolls of teleportation
 m - a scroll of enchant weapon {unknown}
 p - 2 scrolls of fear
 x - 2 scrolls of amnesia {unknown}
 A - 4 scrolls of remove curse
 G - a scroll of immolation {unknown}
 J - a scroll of enchant armour
 K - a scroll of torment {unknown}
 M - a scroll of identify
Potions
 f - a potion of magic
 h - 2 potions of haste
 l - 2 potions of resistance
 n - 3 potions of might
 q - a potion of heal wounds {unknown}
 r - 2 potions of curing
 s - a potion of brilliance {unknown}
 u - a potion of lignification {unknown}
 z - a potion of ambrosia {unknown}
 D - a potion of flight {unknown}
 N - a potion of cancellation {unknown}
Books
 e - a book of Geomancy

   Spells                             Type                      Level
   a - Sandblast                      Earth                        1
   b - Passwall                       Transmutation/Earth          2
   c - Stone Arrow                    Conjuration/Earth            3
   d - Petrify                        Transmutation/Earth          4
   e - Lee's Rapid Deconstruction     Earth                        5
 E - a book of Changes

   Spells                             Type                      Level
   a - Beastly Appendage              Transmutation                1
   b - Sticks to Snakes               Transmutation                2
   c - Spider Form                    Transmutation/Poison         3
   d - Ice Form                       Ice/Transmutation            4
   e - Blade Hands                    Transmutation                5
 H - a book of Frost

   Spells                             Type                      Level
   a - Freeze                         Ice                          1
   b - Throw Frost                    Conjuration/Ice              2
   c - Ozocubu's Armour               Charms/Ice                   3
   d - Throw Icicle                   Conjuration/Ice              4
   e - Summon Ice Beast               Ice/Summoning                4
Comestibles
 d - 9 rations


   Skills:
 + Level 4.1 Fighting
 + Level 3.5 Maces & Flails
 + Level 3.8 Armour
 + Level 3.6 Dodging
 - Level 2.2 Stealth
 + Level 5.5 Spellcasting
 + Level 5.8 Conjurations
 - Level 0.7 Transmutations
 + Level 2.1 Ice Magic
 + Level 7.9 Earth Magic


You had 3 spell levels left.
You knew the following spells:

 Your Spells              Type           Power        Failure   Level  Hunger
a - Sandblast             Erth           ####..       1%          1    None
b - Stone Arrow           Conj/Erth      ####..       1%          3    ##.....
c - Passwall              Tmut/Erth      ###.......   1%          2    #......
d - Lee's Rapid Deconstr  Erth           ####......   5%          5    ######.
e - Sting                 Conj/Pois      ###.         1%          1    None
f - Throw Icicle          Conj/Ice       ###.....     10%         4    ####...


Dungeon Overview and Level Annotations

Branches:
Dungeon (7/15)             Temple (1/1) D:4

Altars:
Ashenzari
Elyvilon
Hepliaklqana
Kikubaaqudgha
Makhleb
Nemelex Xobeh
Okawaru
Qazlal
Ru
Sif Muna
Uskayaw
Vehumet
Wu Jian
Xom
Yredelemnul
The Shining One


Innate Abilities, Weirdness & Mutations

You are resistant to torment.
Your stone body is resilient. (AC +6)
You are immune to poison.
You resist negative energy. (rN+)
You are resistant to electric shocks. (rElec)
You can survive without breathing.
You are immune to petrification.
You are immune to rotting.


Message History

Aiming: Sandblast
Press: ? - help, Shift-Dir - straight line, f - bullfrog
Aim: a bullfrog The blast of sand hits the bullfrog.
The bullfrog is severely wounded.
b - 127 stones A bullfrog is nearby!
Casting: Sandblast
Confirm with . or Enter, or press ? or * to list all spells.
Aiming: Sandblast
Press: ? - help, Shift-Dir - straight line, f/p - bullfrog
Aim: a bullfrog (severely wounded)
The blast of sand hits the bullfrog.
You kill the bullfrog!
Vehumet accepts your kill.
b - 126 stones Welcome back, sking99 the Gargoyle Earth Elementalist.
Vehumet says: Let it end in hellfire!
Press ? for a list of commands and other information.
Are you sure you want to abandon this character and quit the game? (Confirm with "yes".)

+.....#
#...[.#
#.....#
#.....# ####
###)###
.##...##..÷÷#
..........[.+
............#
......†..@..#
.##...##.†..#
#... #....#
.... #.......
.....
#..".....
....
#.....##...
.##. #.....#
... #......
..


There were no monsters in sight!

Vanquished Creatures
  Pikel (D:5)
  The ghost of inc the Chiller, a novice BaIE of Ashenzari (D:6)
  2 orc warriors (D:6)
  2 ice beasts (D:5)
  A phantom (D:5)
  2 sky beasts (D:5)
  An ogre (D:5)
  A big kobold (D:6)
  2 bullfrogs
  A howler monkey (D:7)
  2 crimson imps (D:5)
  3 hounds
  2 bullfrog skeletons
  Crazy Yiuf (D:5)
  3 orc priests
  3 jellies
  Natasha (twice) (D:2)
  4 orc wizards
  3 worker ants
  A killer bee zombie (D:5)
  A hound zombie (D:5)
  A hound skeleton (D:5)
  A worker ant zombie (D:5)
  8 gnolls
  7 adders
  A shadow imp (D:6)
  A white imp (D:4)
  3 oozes
  4 worms
  3 dart slugs
  2 leopard geckos
  15 orcs
  A ball python (D:6)
  3 bats
  6 giant cockroaches
  5 goblins
  8 hobgoblins
  20 jackals
  11 kobolds
  2 quokkas
  3 frilled lizards
  A goblin skeleton (D:4)
  A goblin zombie (D:4)
  4 hobgoblin zombies (D:4)
  A jackal skeleton (D:4)
  2 kobold skeletons (D:4)
  2 orc skeletons (D:4)
  An orc zombie (D:4)
  6 rats
162 creatures vanquished.

Vanquished Creatures (others)
  A centaur zombie (D:5)
  An iguana (D:5)
  A worker ant (D:5)
3 creatures vanquished.

Grand Total: 165 creatures vanquished

Notes
Turn   | Place    | Note
-------+----------+-------------------------------------------
     0 | D:1      | sking99 the Gargoyle Earth Elementalist began the quest for the Orb.
     0 | D:1      | Reached XP level 1. HP: 10/10 MP: 3/3
    97 | D:1      | Reached skill level 4 in Earth Magic
    97 | D:1      | Reached XP level 2. HP: 15/15 MP: 3/5
   333 | D:1      | Reached XP level 3. HP: 19/19 MP: 4/6
   455 | D:1      | Learned a level 3 spell: Stone Arrow
   919 | D:2      | Found a faded altar of an unknown god.
  1270 | D:2      | Reached skill level 1 in Conjurations
  1270 | D:2      | Reached XP level 4. HP: 24/24 MP: 5/8
  1323 | D:2      | Noticed Natasha
  1332 | D:2      | Killed Natasha
  1540 | D:2      | Found a burning altar of Makhleb.
  1540 | D:2      | Found an ornate altar of the Wu Jian Council.
  1541 | D:2      | Found a sacrificial altar of Ru.
  1642 | D:2      | Reached skill level 5 in Earth Magic
  1647 | D:2      | Reached XP level 5. HP: 26/28 MP: 1/9
  1774 | D:2      | Noticed Natasha
  1784 | D:2      | Killed Natasha
  2439 | D:3      | Reached XP level 6. HP: 32/32 MP: 9/11
  2790 | D:3      | Learned a level 2 spell: Passwall
  2796 | D:3      | Learned a level 5 spell: Lee's Rapid Deconstruction
  3603 | D:4      | Reached skill level 6 in Earth Magic
  3778 | D:4      | Found a glowing golden altar of the Shining One.
  3872 | D:4      | Found a staircase to the Ecumenical Temple.
  3886 | Temple   | Entered the Ecumenical Temple
  4101 | Temple   | Became a worshipper of Vehumet
  4655 | D:4      | Reached XP level 7. HP: 36/36 MP: 11/13
  4754 | D:5      | Entered Level 5 of the Dungeon
  5001 | D:5      | Noticed Pikel
  5037 | D:5      | Reached skill level 1 in Fighting
  5037 | D:5      | Reached skill level 1 in Maces & Flails
  5037 | D:5      | Reached skill level 1 in Armour
  5039 | D:5      | Killed Pikel
  5039 | D:5      | Reached skill level 7 in Earth Magic
  5039 | D:5      | Reached XP level 8. HP: 29/44 MP: 1/15
  5369 | D:5      | Reached * piety under Vehumet
  5369 | D:5      | Offered knowledge of Sting by Vehumet.
  5372 | D:5      | Learned a level 1 spell: Sting
  5474 | D:5      | Reached skill level 5 in Spellcasting
  5632 | D:5      | Found a runed door.
  5736 | D:5      | Reached skill level 5 in Conjurations
  5996 | D:5      | Noticed Crazy Yiuf
  5998 | D:5      | Killed Crazy Yiuf
  6075 | D:6      | Noticed inc's ghost (novice BaIE)
  6181 | D:6      | Learned a level 4 spell: Throw Icicle
  6255 | D:6      | Reached XP level 9. HP: 50/50 MP: 16/16
  6438 | D:6      | Reached skill level 1 in Ice Magic
  6701 | D:6      | Found a white marble altar of Elyvilon.
  7033 | D:6      | Killed inc's ghost
  7695 | D:7      | Offered knowledge of Magic Dart by Vehumet.
  7703 | D:7      | Reached ** piety under Vehumet
  7713 | D:7      | Quit the game

Skill      XL: |  1  2  3  4  5  6  7  8  9 |
---------------+----------------------------+-----
Earth Magic    | 4 5 6 7 |  7.9
Conjurations   | 1 2 3 4 5 |  5.8
Spellcasting   | 3 4 5 |  5.5
Fighting       | 2 3 4 |  4.1
Maces & Flails | 2 3 |  3.5
Armour         | 2 3 |  3.8
Dodging        | 2 3 |  3.6
Ice Magic      | 2 |  2.1
Stealth        | |  2.2
Transmutations | |  0.7

Action                   |  1- 3 |  4- 6 |  7- 9 || total
-------------------------+-------+-------+-------++-------
Melee: Unarmed           |     6 |       |       ||     6
       Club              |    19 |       |       ||    19
       Flail             |       |    67 |    21 ||    88
       Whip              |       |       |   112 ||   112
 Cast: Sandblast         |    47 |    68 |    74 ||   189
       Stone Arrow       |       |    20 |    36 ||    56
       Sting             |       |       |     8 ||     8
       Throw Icicle      |       |       |     2 ||     2
       Lee's Rapid Decon |       |       |     1 ||     1
  Use: Scroll            |       |     8 |     5 ||    13
  Eat: Chunk             |     1 |    11 |     4 ||    16
       Ration            |       |     1 |     2 ||     3
Armor: Robe              |     8 |    50 |    84 ||   142
Dodge: Dodged            |    27 |    74 |   135 ||   236
